 Dungeon Crawl Stone Soup version 0.19-a0-1097-g38e3b35 (webtiles) character file.

160 HaroldButt the Digger (level 5, -13/28 HPs)
             Began as a Gargoyle Earth Elementalist on Aug 8, 2016.
             Killed by divine providence
             ... invoked by an orc priest
              (16 damage)
             ... on level 3 of the Dungeon.
             The game lasted 00:12:27 (2473 turns).

HaroldButt the Digger (Gargoyle Earth Elementalist) Turns: 2473, Time: 00:12:27

Health: -13/28     AC:  7    Str: 11    XL:     5   Next: 41%
Magic:  6/8        EV: 12    Int: 17    God:
Gold:   124        SH:  0    Dex: 10    Spells: 3 memorised, 2 levels left

rFire  . . .     SeeInvis .     a - -2 dagger (curse)
rCold  + . .     Gourm    .     f - +1 robe {rC+}
rNeg   + . .     Faith    .     (no shield)
rPois  ∞         Spirit   .     (no helmet)
rElec  +         Dismiss  .     (no cloak)
rCorr  +         Reflect  .     (no gloves)
SustAt .         Harm     .     (no boots)
MR     .....                    (no amulet)
Stlth  ++........               (no ring)
                                m - ring of resist corrosion

@:
A: negative energy resistance 1, electricity resistance, unbreathing,
petrification resistance, rot immunity, AC +4
a: no special abilities


You were on level 3 of the Dungeon.
You were hungry.

You visited 1 branch of the dungeon, and saw 3 of its levels.

You collected 124 gold pieces.

Inventory:

Hand Weapons
 a - a cursed -2 dagger (weapon)
 r - a +0 mace
Missiles
 b - 129 stones (quivered)
Armour
 c - a +1 robe
 f - a +1 robe of cold resistance (worn)
 q - a +0 large shield
Jewellery
 m - a ring of resist corrosion (left hand)
Scrolls
 i - 2 scrolls of teleportation
 p - a scroll of enchant armour
Potions
 g - a potion of brilliance
 h - a potion of curing {unknown}
 k - a potion of lignification {unknown}
 o - a potion of magic {unknown}
Books
 e - a book of Geomancy

   Spells                             Type                      Level
   a - Sandblast                      Earth                        1
   b - Passwall                       Transmutation/Earth          2
   c - Stone Arrow                    Conjuration/Earth            3
   d - Petrify                        Transmutation/Earth          4
   e - Lee's Rapid Deconstruction     Earth                        5
Comestibles
 d - 3 bread rations
 j - 2 chunks of flesh
 l - 3 fruits


   Skills:
 - Level 1.5 Dodging
 - Level 2.1 Stealth
 - Level 2.0 Spellcasting
 - Level 0.7 Transmutations
 + Level 7.1 Earth Magic


You had 2 spell levels left.
You knew the following spells:

 Your Spells              Type           Power        Failure   Level  Hunger
a - Sandblast             Erth           ####..       1%          1    #......
b - Passwall              Tmut/Erth      ###.......   10%         2    ###....
c - Stone Arrow           Conj/Erth      ##....       14%         3    ###....


Dungeon Overview and Level Annotations

Branches:
Dungeon (3/15)

Altars:
Okawaru
Ru


Innate Abilities, Weirdness & Mutations

You are resistant to torment.
Your stone body is resilient. (AC +4)
You are immune to poison.
You resist negative energy. (rN+)
You are resistant to electric shocks. (rElec)
You can survive without breathing.
You are immune to petrification.
You are immune to rotting.


Message History

The orc priest mumbles some strange prayers to Beogh against you.
Beogh smites you!
Things that are here:
a war axe; an orc corpse
Things that are here:
a whip; an orc skeleton
Things that are here:
a war axe; an orc corpse
Things that are here:
a whip; an orc skeleton A quokka comes into view.
The orc priest mumbles some strange prayers to Beogh against you.
Beogh smites you!
* * * LOW HITPOINT WARNING * * *
Found a scroll of random uselessness and a dagger.
Found a stone staircase leading down.
The orc priest calls down the wrath of Beogh upon you.
Beogh smites you!
Ouch! That really hurt!
You die...

#.##...........#.#
#.##############.# #.#
... ##.## #.# #.#.# #
#.# ##..# .# #.#
##.###.######.#
.......).o....######.#
.#####o####.###.@?.)>#
#.# #.# #r######
#)####.###.#
#.......##.#
######..##o# #..##.#
#..##.# #.o...#
.......####


You could see an orc priest and a quokka.

Vanquished Creatures
  An orc priest (D:3)
  Jessica (D:2)
  Ijyb (D:2)
  3 adders
  A worm (D:2)
  A dart slug (D:1)
  A giant gecko (D:1)
  2 orcs (D:3)
  2 ball pythons
  2 giant cockroaches (D:2)
  4 goblins
  5 hobgoblins
  A quokka (D:3)
  7 bats (D:1)
  3 giant newts
  6 kobolds (D:2)
  8 rats
49 creatures vanquished.

Notes
Turn   | Place    | Note
-------+----------+-------------------------------------------
     0 | D:1      | HaroldButt the Gargoyle Earth Elementalist began the quest for the Orb.
     0 | D:1      | Reached XP level 1. HP: 10/10 MP: 3/3
    88 | D:1      | Reached skill level 4 in Earth Magic
   354 | D:1      | Reached XP level 2. HP: 15/15 MP: 0/5
  1007 | D:2      | Reached XP level 3. HP: 19/19 MP: 2/6
  1016 | D:2      | Learned a level 2 spell: Passwall
  1020 | D:2      | Learned a level 3 spell: Stone Arrow
  1024 | D:2      | Reached skill level 5 in Earth Magic
  1051 | D:2      | Found an iron altar of Okawaru.
  1086 | D:2      | Found a sacrificial altar of Ru.
  1253 | D:2      | Noticed Ijyb
  1292 | D:2      | Killed Ijyb
  1292 | D:2      | Reached XP level 4. HP: 21/24 MP: 0/7
  1390 | D:2      | Noticed Jessica
  1401 | D:2      | Killed Jessica
  1401 | D:2      | Reached skill level 6 in Earth Magic
  2226 | D:3      | Reached XP level 5. HP: 26/28 MP: 1/8
  2351 | D:3      | Reached skill level 7 in Earth Magic
  2473 | D:3      | Killed from afar by an orc priest

Vault maps used:
D:1:      dpeg_arrival_ratfight
D:2:      okawaru_trees_2, lemuel_crystal_altar, serial_forest,
          infiniplex_forest_fountain, infiniplex_forest_clump_long,
          infiniplex_forest_lined_2, infiniplex_forest_lined_2,
          infiniplex_forest_clump_small, infiniplex_forest_straight_4,
          infiniplex_forest_split, uniq_iyjb, uniq_jessica
D:3:      elyvilon_altar_1, marbit_many_paths, first_bread, st_stairs_5,
          grunt_decor_mini_mirrors, hangedman_feature_mirror

Skill      XL: |  1  2  3  4  5 |
---------------+----------------+-----
Earth Magic    | 4 5 6 7 |  7.1
Dodging        | |  1.5
Stealth        | |  2.1
Spellcasting   | |  2.0
Transmutations | |  0.7

Action                   |  1- 3 |  4- 6 || total
-------------------------+-------+-------++-------
Melee: Dagger            |     7 |   172 ||   179
 Cast: Sandblast         |    56 |    42 ||    98
       Stone Arrow       |       |     3 ||     3
  Use: Scroll            |     5 |     3 ||     8
  Eat: Chunk             |     2 |     3 ||     5
       Pizza             |       |     1 ||     1
Armor: Robe              |    16 |     5 ||    21
Dodge: Dodged            |    30 |    12 ||    42
